 Dungeon Crawl Stone Soup version 0.17-a0-1945-gfe993df (webtiles) character file.

734 tp1 the Protected (level 7, -6/61 HPs)
             Began as a Gargoyle Berserker on Sept 30, 2015.
             Was a Priest of Trog.
             Mangled by tp1's ghost (13 damage)
             ... on level 6 of the Dungeon.
             The game lasted 00:25:40 (4369 turns).

tp1 the Protected (Gargoyle Berserker)              Turns: 4369, Time: 00:25:40

Health: -6/61      AC: 17    Str: 28    XL:     7   Next: 74%
Magic:  7/7        EV:  9    Int:  7    God:    Trog [***...]
Gold:   325        SH:  0    Dex:  9    Spells: 0 memorised, 6 levels left

rFire  . . .     SeeInvis .     g - +0 mace
rCold  . . .     Clarity  .     u - +0 chain mail
rNeg   + . .     SustAt   .     (no shield)
rPois  ∞         Gourm    .     l - +0 helmet of Siarat {+Inv}
rElec  +         Spirit   .     (no cloak)
rCorr  +         Warding  .     (no gloves)
rMut   .         Stasis   .     (no boots)
MR     ++...                    B - amulet of resist corrosion
Stlth  ..........               (no ring)
                                (no ring)

@: berserking, regenerating, very quick, very resistant to hostile enchantments,
extremely unstealthy
A: negative energy resistance 1, electricity resistance, unbreathing,
petrification resistance, rot immunity, AC +4
a: Burn Spellbooks, Berserk, Trog's Hand, Renounce Religion, Evoke Invisibility


You were on level 6 of the Dungeon.
You worshipped Trog.
Trog was most pleased with you.
You were not hungry.

You visited 1 branch of the dungeon, and saw 6 of its levels.

You collected 325 gold pieces.

Inventory:

Hand weapons
 a - a +0 hand axe
 g - a +0 mace (weapon)
 s - a +0 mace
Armour
 b - a +0 animal skin
 l - the +0 helmet of Siarat (worn) {+Inv}
   (You took it off Robin on level 2 of the Dungeon)

   It lets you turn invisible.
 p - a +0 scale mail
 u - a +0 chain mail (worn)
Jewellery
 y - an uncursed amulet of guardian spirit
 A - a +4 ring of strength {unknown}
 B - an amulet of resist corrosion (around neck)
Magical devices
 k - a wand of fireball (8)
 t - a wand of magic darts (25)
Scrolls
 d - 7 scrolls of identify {unknown}
 f - 2 scrolls of enchant armour {unknown}
 h - 2 scrolls of amnesia {unknown}
 o - 2 scrolls of noise {unknown}
 v - 4 scrolls of immolation {unknown}
 w - a scroll of enchant weapon {unknown}
 C - a scroll of recharging {unknown}
 D - 3 scrolls of remove curse {unknown}
 E - a scroll of teleportation {unknown}
Potions
 e - a potion of brilliance {unknown}
 i - a potion of haste {unknown}
 m - 5 potions of might {unknown}
 q - a potion of heal wounds {unknown}
 r - a potion of curing {unknown}
 z - 2 potions of agility {unknown}
 G - 2 potions of flight {unknown}
 H - a potion of lignification {unknown}
Books
 x - a book of Summonings

   Spells                             Type                      Level
   a - Recall                         Summoning/Translocation      3
   b - Aura of Abjuration             Summoning                    5
   c - Shadow Creatures               Summoning                    5
   d - Summon Demon                   Summoning                    5
   e - Summon Forest                  Summoning/Translocation      5
   f - Summon Mana Viper              Hexes/Summoning              5
   Trog disapproves of the use of such an item.
 F - a book of Fire

   Spells                             Type                      Level
   a - Ignite Poison                  Fire/Transmutation/Poison    3
   b - Fireball                       Conjuration/Fire             5
   c - Bolt of Fire                   Conjuration/Fire             6
   d - Delayed Fireball               Conjuration/Fire             7
   e - Ring of Flames                 Charms/Fire                  7
   Trog disapproves of the use of such an item.
Comestibles
 c - 3 bread rations
 j - 2 fruits
 n - a royal jelly
 I - a meat ration


   Skills:
 - Level 3.4 Fighting
 - Level 2.8 Axes
 + Level 9.1 Armour
 - Level 1.7 Dodging
 + Level 0.5 Evocations


You had 6 spell levels left.
You didn't know any spells.

Dungeon Overview and Level Annotations

Branches:
Dungeon (6/15)             Temple (0/1) D:4

Altars:
Elyvilon
Fedhas
Kikubaaqudgha
Ru
Sif Muna
Xom

Annotations:
D:4 Eustachio
D:6 tp1's ghost, experienced GrBe


Innate Abilities, Weirdness & Mutations

You are resistant to torment.
Your stone body is resilient (AC +4).
You are immune to poison.
You resist negative energy.
You are resistant to electric shocks.
You can survive without breathing.
You are immune to petrification.
You are immune to rotting.


Message History

Found a helmet.
A hound comes into view.
The hound barks!
Tp1's ghost hits you!
You hit tp1's ghost but do no damage.
Tp1's ghost hits you but does no damage.
You completely miss tp1's ghost. Tp1's ghost hits you. Tp1's ghost hits you!
* * * LOW HITPOINT WARNING * * *
Use which ability?
Your skin crawls.
You feel resistant to hostile enchantments.
You feel slightly more hungry.
Tp1's ghost screams in joy, "As in life, so in death: Kill!
Kill!!
Kill!!!"
Tp1's ghost hits you.
* * * LOW HITPOINT WARNING * * *
Use which ability?
A red film seems to cover your vision as you go berserk!
You feel yourself moving faster!
You feel mighty!
You feel somewhat more hungry. Tp1's ghost hits you!
You die...

#......#........#
#......#........#
#......#........#
#......#........#
#).....+........###
#......# ##.......#
#......###<.......#
#.#####+#............#
.....hW@.......####..#
#..#.##.#.#.##.####..#
.............>..#
..##...#.##.####..# #[
#...#.##.# #<^.# #
#...#..........#
#...#.##.###..## .....
.... ###.##


You could see a hound and tp1's ghost.

Vanquished Creatures
  A phantom (D:4)
  A big kobold (D:5)
  2 orc priests (D:3)
  A giant frog skeleton (D:5)
  2 centaur skeletons (D:5)
  A jelly (D:5)
  2 iguanas (D:4)
  2 orc wizards (D:3)
  A worker ant (D:4)
  A hound zombie (D:5)
  7 gnolls (D:3)
  Robin (D:2)
  7 adders
  An ooze (D:5)
  An adder skeleton (D:4)
  2 worms
  2 giant geckos
  11 orcs (D:3)
  2 ball pythons
  7 bats
  2 giant cockroaches
  12 hobgoblins
  14 kobolds
  A quokka (D:2)
  4 giant newts
  18 goblins
  5 jackals (D:1)
  A jackal skeleton (D:5)
  A rat (D:2)
113 creatures vanquished.

Notes
Turn   | Place    | Note
--------------------------------------------------------------
     0 | D:1      | tp1 the Gargoyle Berserker began the quest for the Orb.
     0 | D:1      | Reached XP level 1. HP: 14/14 MP: 1/1
   398 | D:1      | Reached XP level 2. HP: 14/19 MP: 2/2
   672 | D:2      | Noticed Robin
   678 | D:2      | Acquired Trog's second power
   679 | D:2      | Reached XP level 3. HP: 19/23 MP: 3/3
   692 | D:2      | Killed Robin
   703 | D:2      | Got a shimmering helmet
   709 | D:2      | Identified the +0 helmet of Siarat {+Inv} (You took it off Robin on level 2 of the Dungeon)
   733 | D:2      | HP: 1/23 [worm (7)]
  1108 | D:2      | Reached skill level 4 in Armour
  1200 | D:2      | Reached XP level 4. HP: 14/28 MP: 4/4
  1850 | D:3      | Reached skill level 5 in Armour
  1850 | D:3      | Reached XP level 5. HP: 32/32 MP: 5/5
  1862 | D:3      | Reached skill level 6 in Armour
  1945 | D:3      | Reached XP level 6. HP: 6/37 MP: 6/6
  1973 | D:3      | Found a sacrificial altar of Ru.
  2300 | D:3      | Reached skill level 7 in Armour
  2936 | D:4      | Found a staircase to the Ecumenical Temple.
  2999 | D:4      | Found an ancient bone altar of Kikubaaqudgha.
  3000 | D:4      | Found a blossoming altar of Fedhas.
  3155 | D:4      | Reached XP level 7. HP: 17/41 MP: 7/7
  3324 | D:4      | Found a shimmering altar of Xom.
  3470 | D:4      | Reached skill level 8 in Armour
  3471 | D:4      | Noticed Eustachio
  3691 | D:4      | Found a deep blue altar of Sif Muna.
  3738 | D:5      | Entered Level 5 of the Dungeon
  3821 | D:5      | Found a white marble altar of Elyvilon.
  4116 | D:5      | Reached skill level 9 in Armour
  4362 | D:6      | Noticed tp1's ghost (experienced GrBe)
  4369 | D:6      | Mangled by tp1's ghost

Vault maps used:
D:1:      dpeg_arrival_round_c
D:2:      uniq_robin
D:3:      portal_sewer_entry_d, kennysheep_donut,
          nicolae_ru_sacrificial_ziggurat
D:4:      nicolae_overflow_hidden_temple,
          grunt_temple_overflow_growth_and_decay,
          minmay_temple_entry_from_below_a, led_sif_book, uniq_eustachio
D:5:      lemuel_round_altar, first_bread

Action                   |  1- 3 |  4- 6 |  7- 9 || total
-------------------------+-------+-------+-------++-------
Melee: Hand axe          |   105 |   139 |    11 ||   255
       Mace              |     6 |   135 |    85 ||   226
Invok: Berserk           |     1 |     3 |     2 ||     6
       Trog's Hand       |       |     4 |     2 ||     6
 Abil: Evoke Invisibilit |     1 |       |       ||     1
  Eat: Chunk             |     2 |    10 |     2 ||    14
       Bread ration      |       |       |     1 ||     1
